 Dungeon Crawl Stone Soup version 0.29-a0-356-g7bc237e783 (console) character file.

Game seed: 2274127671811436652

1256 Melian the Cleaver (level 8, -4/78 HPs)
             Began as a Minotaur Berserker on Apr 26, 2022.
             Was a Priest of Trog.
             Slain by Edmund
             ... wielding a +2 flail of venom
              (9 damage)
             ... on level 6 of the Dungeon.
             The game lasted 00:18:20 (5025 turns).

Melian the Cleaver (Minotaur Berserker)             Turns: 5025, Time: 00:18:21

Health: -4/78      AC: 10    Str: 24    XL:     8   Next: 26%
Magic:  7/7        EV: 11    Int:  4    God:    Trog [***...]
Gold:   333        SH:  0    Dex: 10    Spells: 7/7 levels left

rFire   + . .      SeeInvis .   J - +2 war axe
rCold   . . .      Faith    .   (no shield)
rNeg    + . .      Spirit   .   c - +3 ring mail
rPois   .          Reflect  .   (helmet restricted)
rElec   .          Harm     .   (no cloak)
rCorr   .          Rampage  .   E - +0 pair of gloves
Will    ++...                   p - +0 pair of boots
Stlth   ..........              d - amulet of the acrobat
HPRegen 1.23/turn               N - ring of positive energy
MPRegen 0.10/turn               F - ring of protection from fire

@: confused, lethally poisoned (-4 -> -19), ambrosia-drunk, strong-willed,
regenerating
A: horns 2, retaliatory headbutt
a: Renounce Religion, Berserk, Trog's Hand


You were on level 6 of the Dungeon.
You worshipped Trog.
Trog was most pleased with you.
You visited 1 branch of the dungeon, and saw 6 of its levels.

You collected 333 gold pieces.


Innate Abilities, Weirdness & Mutations

You have a pair of horns on your head.
You reflexively headbutt those who attack you in melee.


   Skills:
 + Level 9.0 Fighting
 + Level 9.0 Axes
 - Level 3.0 Armour
 - Level 3.0 Dodging


You had 7 spell levels left.
You didn't know any spells.
Your spell library was empty.

Inventory:

Hand Weapons
 I - a +0 war axe
 J - a +2 war axe (weapon)
Missiles
 n - 3 silver javelins (quivered)
 s - 5 poisoned darts
 y - 4 boomerangs
 G - 3 throwing nets {=f}
Armour
 c - a +3 ring mail (worn)
 k - a +0 plate armour
 p - a +0 pair of boots (worn)
 E - a +0 pair of gloves (worn)
Jewellery
 d - an amulet of the acrobat (around neck)
 f - a ring of fire
 F - a ring of protection from fire (right hand)
 L - a ring of flight
 N - a ring of positive energy (left hand)
Wands
 q - a wand of polymorph (11)
Scrolls
 e - 7 scrolls of identify {@r1}
 g - a scroll of noise {unknown}
 i - a scroll of silence {unknown}
 l - a scroll of immolation {unknown}
 r - 3 scrolls of magic mapping
 v - a scroll of teleportation {unknown}
 x - a scroll of blinking {unknown}
 B - a scroll of vulnerability {unknown}
 C - a scroll of enchant weapon {unknown}
Potions
 a - a potion of degeneration {unknown}
 b - a potion of ambrosia
 h - a potion of curing {unknown}
 j - a potion of attraction {unknown}
 m - a potion of might {unknown}
 o - a potion of magic {unknown}
 t - a potion of resistance {unknown}
 u - a potion of cancellation {unknown}
 w - 2 potions of lignification
 z - a potion of berserk rage {unknown}
 A - a potion of haste {unknown}
 D - a potion of flight
 H - a potion of mutation {unknown}

Dungeon Overview and Level Annotations

Branches:
Dungeon (6/15)
 Temple: D:4-7

Altars:
Uskayaw

Shops:
D:3 *

Annotations:
D:6 Edmund

####### #######
#.<...########....†.
#..............#####
#..............# ###
#..............#####
#............(...'_'
###@#..........###+#
#######@##.........# #.#
#......5##....[....###.#
#....ooo##..............
#.......##>...))..###...
#.=.................#...
............##.#####)..<.
.........................
.............#.###.......
......#..................
.o............#..........


You could see Edmund, a shadow imp and 3 orcs.


Message History

Edmund is almost dead.
You feel extremely sick. Edmund hits you but does no damage.
You are more poisoned.
You closely miss Edmund.
Edmund is almost dead.
You feel extremely sick.
Edmund hits you with a +2 flail of venom.
* * * LOW HITPOINT WARNING * * *
You are more poisoned.
Okay, then.
You hit Edmund but do no damage.
Edmund is almost dead.
* * * LOW HITPOINT WARNING * * *
You feel extremely sick.
Edmund hits you with a +2 flail of venom!
* * * LOW HITPOINT WARNING * * *
You closely miss Edmund. You headbutt Edmund.
Edmund is almost dead.
* * * LOW HITPOINT WARNING * * *
You feel very sick. Edmund hits you but does no damage.
You are more poisoned.
Okay, then.
You are confused.
You feel invigorated.
* * * LOW HITPOINT WARNING * * *
You feel extremely sick.
Edmund hits you with a +2 flail of venom!
You die...

Skill      XL: |  1  2  3  4  5  6  7  8 |
---------------+-------------------------+-----
Fighting       | 4 5 6 8 9 |  9.0
Axes           | 4 5 6 8 9 |  9.0
Armour         | 3 |  3.0
Dodging        | 3 |  3.0

Action                   |  1- 3 |  4- 6 |  7- 9 || total
-------------------------+-------+-------+-------++-------
Melee: Hand axe          |   106 |   109 |    76 ||   291
       Headbutt          |    11 |    18 |    25 ||    54
       Punch             |       |       |     3 ||     3
       War axe           |       |       |    33 ||    33
Invok: Berserk           |     1 |     1 |     2 ||     4
       Trog's Hand       |       |       |     2 ||     2
  Use: Scroll            |       |     1 |     3 ||     4
       Potion            |       |       |     1 ||     1
 Stab: Distracted        |       |     1 |       ||     1
Armor: Animal skin       |     3 |       |       ||     3
       Ring mail         |    24 |    31 |    67 ||   122
Dodge: Dodged            |    54 |    69 |    73 ||   196

Levels and vault maps discovered:
D:1:      psy_arrival_radial02, layout_basic, minmay_misc_feat_rugged,
          minmay_misc_feat_five
D:2:      layout_loops_corners, hellmonk_ecumenical_altar_lost_god,
          uniq_jessica, uniq_terence
D:3:      layout_loops_ring, serial_shops, shop_statue
D:4:      layout_cave_pools
D:5:      layout_rooms
D:6:      layout_rooms, lemuel_doored_altar, minmay_temple_entry_mini_moons,
          uniq_edmund

Notes
Turn   | Place    | Note
-------+----------+-------------------------------------------
     0 | D:1      | Melian the Minotaur Berserker began the quest for the Orb.
     0 | D:1      | Reached XP level 1. HP: 19/19 MP: 0/0
   249 | D:1      | Reached XP level 2. HP: 16/27 MP: 1/1
   595 | D:1      | Reached skill level 4 in Fighting
   595 | D:1      | Reached skill level 4 in Axes
   766 | D:1      | Reached skill level 3 in Armour
  1106 | D:2      | Reached XP level 3. HP: 33/33 MP: 2/2
  1180 | D:2      | Found a faded altar of an unknown god.
  1184 | D:2      | Reached ** piety under Trog
  1349 | D:2      | Reached skill level 3 in Dodging
  1627 | D:2      | Noticed Terence
  1635 | D:2      | Killed Terence
  1636 | D:2      | Reached XP level 4. HP: 41/41 MP: 3/3
  2074 | D:2      | Noticed Jessica
  2077 | D:2      | Killed Jessica
  2078 | D:2      | Reached skill level 5 in Fighting
  2078 | D:2      | Reached skill level 5 in Axes
  2237 | D:3      | Reached XP level 5. HP: 48/48 MP: 4/4
  2385 | D:3      | Found Ejonkenk's General Store.
  2767 | D:4      | Noticed an ogre
  2776 | D:4      | Killed an ogre
  2777 | D:4      | Reached skill level 6 in Fighting
  2777 | D:4      | Reached skill level 6 in Axes
  2777 | D:4      | Reached XP level 6. HP: 57/57 MP: 5/5
  3141 | D:4      | Reached *** piety under Trog
  3369 | D:4      | Reached XP level 7. HP: 44/64 MP: 6/6
  3690 | D:5      | Entered Level 5 of the Dungeon
  3699 | D:5      | Reached skill level 7 in Fighting
  3699 | D:5      | Reached skill level 7 in Axes
  4010 | D:5      | Killed an unseen horror
  4011 | D:5      | Reached skill level 8 in Fighting
  4011 | D:5      | Reached skill level 8 in Axes
  4591 | D:5      | Reached XP level 8. HP: 74/75 MP: 7/7
  4865 | D:6      | Reached skill level 9 in Fighting
  4865 | D:6      | Reached skill level 9 in Axes
  4912 | D:6      | Found a hide-covered altar of Uskayaw.
  5001 | D:6      | Noticed Edmund
  5024 | D:6      | HP: 6/78 [poisoned by Edmund]
  5025 | D:6      | Slain by Edmund

Vanquished Creatures
  An unseen horror (D:5)
  An ogre (D:4)
  A phantom (D:5)
  A bullfrog (D:3)
  A necrophage (D:5)
  A scorpion (D:4)
  3 wights (D:6)
  A jelly (D:5)
  3 hounds
  Jessica (D:2)
  Terence (D:2)
  2 orc wizards (D:4)
  An iguana (D:4)
  6 adders
  13 gnolls
  A white imp (D:6)
  An ufetubus (D:4)
  2 worms (D:2)
  3 dart slugs
  4 orcs
  5 ball pythons
  3 endoplasms
  7 giant cockroaches
  8 goblins
  6 hobgoblins
  4 jackals
  5 quokkas
  2 bats (D:2)
  4 frilled lizards
  6 kobolds
  5 rats
103 creatures vanquished.

Table legend: (Time is in decaauts)
 A = Elapsed time spent in this place.
 B = Non-inter-level travel time spent in this place.
 C = Inter-level travel time spent in this place.
 D = Time resting spent in this place.
 E = Time spent auto-exploring this place.
 F = Levels seen in this place.
 G = Mean time per level.
                   A        B        C        D        E       F      G
               +--------+--------+--------+--------+--------+-----+--------+
         Total |   5072 |   4956 |    116 |    532 |   3287 |   6 |  845.3 |
       Dungeon |   5072 |   4956 |    116 |    532 |   3287 |   6 |  845.3 |
               +--------+--------+--------+--------+--------+-----+--------+

Top non-repeatable levels by time:
     D:2: 1127 daAuts
     D:1: 1114 daAuts
     D:4: 1053 daAuts
     D:5: 969 daAuts
     D:3: 560 daAuts
     D:6: 247 daAuts

Table legend:
 A = Non-vault XP
 B = Vault XP
 C = Vault XP percentage of total XP
 D = Non-vault monster count
 E = Vault monster count
 F = Vault count percentage of total count
                 A         B        C        D         E       F
            +---------+---------+-------+---------+---------+-------
      Total |    1722 |      73 |   4.1 |     101 |       2 |   1.9
            +---------+---------+-------+---------+---------+-------
        D:1 |      38 |       0 |   0.0 |      21 |       0 |   0.0
        D:2 |      81 |      73 |  47.4 |      23 |       2 |   8.0
        D:3 |     105 |       0 |   0.0 |      10 |       0 |   0.0
        D:4 |     456 |       0 |   0.0 |      23 |       0 |   0.0
        D:5 |     760 |       0 |   0.0 |      17 |       0 |   0.0
        D:6 |     282 |       0 |   0.0 |       7 |       0 |   0.0
            +---------+---------+-------+---------+---------+-------
